 Dungeon Crawl Stone Soup version 0.31-a0-986-g5e6e4ef867 (webtiles) character file.

Game seed: 3627188249553056110

721 Xavori the Trooper (level 8, -2/69 HPs)
             Began as a Djinni Chaos Knight on Nov 9, 2023.
             Was a Plaything of Xom.
             Splashed by a jelly's acid (10 damage)
             ... on level 5 of the Dungeon.
             The game lasted 00:04:28 (5284 turns).

Xavori the Trooper (Djinni Chaos Knight)            Turns: 5284, Time: 00:04:28

Health: -2/69      AC:  1    Str: 12    XL:     8   Next: 2%
Gold:   153        EV: 13    Int: 20    God:    Xom [....*.] SH:  0 Dex: 14

rFire   + + .        a - +0 falchion (chaos)
rCold   . . .        (no shield)
rNeg    . . .        b - +2 leather armour
rPois   ∞            (helmet unavailable)
rElec   +            (no cloak)
rCorr   .            (no gloves)
SInv    +            (boots unavailable)
Will    .....        i - amulet of Apuon {Acrobat rElec}
Stlth   ++           p - ring of the Queen {rPois rC+ Dex-4 Slay+5}
HPRegen 0.31/turn    (no ring)
MPRegen 0.00/turn

%: acrobat, infuse magic (-3 HP)
@: corroded, flying
A: sickness immunity, fire resistance 2, cold vulnerability 1, float, innate
caster, HP casting, extra vitality 1, antennae 3, thin skeletal structure 1,
agile 1, clever 2, robust 2, electricity resistance, strong 1, MP-powered wands
a: Renounce Religion


You were on level 5 of the Dungeon.
You worshipped Xom.
You were a beloved toy of Xom.
You visited 1 branch of the dungeon, and saw 5 of its levels.

You collected 265 gold pieces.
You spent 112 gold pieces at shops.

Inventory:

Hand Weapons
 a - a +0 falchion of chaos (weapon)
Armour
 b - a +2 leather armour (worn)
Jewellery
 i - the amulet of Apuon (around neck) {Acrobat rElec}
   (Xom gifted it to you on level 1 of the Dungeon)

   [amulet of the acrobat]

   Acrobat:   It increases your evasion while moving and waiting.
   rElec:     It insulates you from electricity.
 n - a ring of protection from fire
 p - the ring of the Queen (left hand) {rPois rC+ Dex-4 Slay+5}
   (You found it on level 3 of the Dungeon)

   [ring of protection from cold]

   Dex-4:     It affects your dexterity (-4).
   Slay+5:    It affects your accuracy & damage with ranged weapons and melee
   (+5).
   rC+:       It protects you from cold.
   rPois:     It protects you from poison
Scrolls
 c - a scroll of butterflies
 d - a scroll of enchant armour {unknown}
 f - 2 scrolls of immolation {unknown}
 m - a scroll of brand weapon
 o - a scroll of silence {unknown}
 q - a scroll of fog {unknown}
 r - 2 scrolls of teleportation
 s - 2 scrolls of revelation
 u - 2 scrolls of noise {unknown}
 v - a scroll of identify
Potions
 e - 2 potions of heal wounds {unknown}
 g - 2 potions of curing
 h - a potion of brilliance {unknown}
 j - a potion of might {unknown}
 k - a potion of enlightenment {unknown}
 l - 2 potions of invisibility {unknown}
 t - a potion of degeneration {unknown}


   Skills:
 + Level 4.5 Fighting
 + Level 4.1 Long Blades
 + Level 3.4 Armour
 + Level 4.3 Dodging
 * Level 2.9 Spellcasting
 * Level 2.9 Conjurations
 * Level 2.9 Hexes
   Level 0.0 Charms
 * Level 2.9 Summonings
 * Level 2.9 Necromancy
 * Level 2.9 Translocations
 * Level 2.9 Transmutations
 * Level 2.9 Fire Magic
 * Level 2.9 Ice Magic
 * Level 2.9 Air Magic
 * Level 2.9 Earth Magic
 * Level 2.9 Poison Magic


You knew the following spells:

 Your Spells              Type           Power      Damage    Failure   Level
a - Necrotise             Necr           56%        1d6       5%          1
b - Static Discharge      Conj/Air       28%        3-5/arc   9%          2
c - Teleport Other        Tloc           14%        N/A       16%         3
Your spell library was empty.

Dungeon Overview and Level Annotations

Branches:
Dungeon (5/15)             Temple (0/1) D:4

Altars:
Xom

Shops:
D:3 *


Innate Abilities, Weirdness & Mutations

You are immune to sickness and miasma.
You are immune to poison.
Your flesh is very heat resistant. (rF++)
You are vulnerable to cold. (rC-)
You float through the air rather than walking.
You learn spells naturally, not from books.
Your magical power is your life essence.
You have superior vitality. (+4 MHP)
You have a pair of large antennae on your head. (SInv)
You have a somewhat thin skeletal structure. (Dex +2, Stealth+)
You are agile. (Dex +4, Str/Int -1)
Your mind is very acute. (Int +8, Str/Dex -2)
You are very robust. (+20% HP)
You are resistant to electric shocks. (rElec)
Your muscles are strong. (Str +4, Int/Dex -1)
You expend health (3 HP) to strengthen your wands.


Message History

Pikel hits you with a +0 whip of electrocution.
* * * LOW HITPOINT WARNING * * *
You hit Pikel.
You kill Pikel!
With Pikel's spell broken, his former minions thank you for their freedom.
The lemure departs this earthly plane. x3
Your Fighting skill increases to level 4!
Your Long Blades skill increases to level 4!
Your Armour skill increases to level 3!
Your Dodging skill increases to level 4!
You have reached level 7!
The power to cast Teleport Other wells up from within.
Spell assigned to 'c'.
You slash the jelly!
You feel better.
Your hands burn!
* * * LOW HITPOINT WARNING * * *
The jelly is heavily wounded. "Forecast: mostly cloudy."
The jelly misses you.
You slash the jelly!
You kill the jelly!
You have reached level 8!
You feel clever.
You hit the jelly.
The jelly seems to slow down.
The acid corrodes you!
Your hands burn!
* * * LOW HITPOINT WARNING * * *
The jelly is lightly wounded.
The jelly hits you but does no damage.
You hit the jelly. You freeze the jelly.
Your hands burn!
* * * LOW HITPOINT WARNING * * *
The jelly is heavily wounded.
The jelly is no longer moving slowly.
The jelly hits you.
* * * LOW HITPOINT WARNING * * *
You are splashed with acid!
* * * LOW HITPOINT WARNING * * *
Okay, then.
You feel better. The jelly hits you.
* * * LOW HITPOINT WARNING * * *
You are splashed with acid!
You die...
Xom cackles wildly!

................##..##
######
..#.#.#.#.#.#.#.##..#
#..............+.....
.).#.#.#.#.#.#..#
.....
#.#............##
....##
#...#####....#+# ..# #
### #....§§§# $.
#....§§§# ...
#######@# #### ,..#
.#..###J###..#####...#
..............'......#
.............J#).....#
.....##..#...........#
##### ############.P.#
..# .# #


You could see a jelly.

Vanquished Creatures
  Pikel (D:5)
  A black bear (D:4)
  A gnoll bouda (D:4)
  2 jellies
  4 adders
  4 gnolls
  3 worms
  A dart slug (D:2)
  7 orcs
  7 endoplasms
  4 giant cockroaches
  6 goblins
  3 hobgoblins
  3 jackals (D:3)
  7 kobolds
  A quokka (D:4)
  10 ball pythons
  4 bats
  5 frilled lizards
  3 rats
77 creatures vanquished.

Notes
Turn   | Place    | Note
-------+----------+-------------------------------------------
     0 | D:1      | Xavori the Djinni Chaos Knight began the quest for the Orb.
     0 | D:1      | Reached XP level 1. HP: 20/20 MP: 0/0
   261 | D:1      | Reached XP level 2. HP: 22/25 MP: 0/0
   288 | D:1      | XOM: divination: detect items
  1062 | D:1      | XOM: give mutation
  1062 | D:1      | Gained mutation: You have a pair of small antennae on your
                  | head. [Xom's grace]
  1112 | D:1      | XOM: cloud trail
  1626 | D:1      | XOM: give mutations
  1626 | D:1      | Gained mutation: You are robust. (+10% HP) [Xom's grace]
  1626 | D:1      | Gained mutation: Your muscles are strong. (Str +4, Int/Dex
                  | -1) [Xom's grace]
  1796 | D:1      | XOM: god gift: 3 stones
  1808 | D:1      | XOM: divination: detect items
  2472 | D:1      | XOM: give mutations
  2472 | D:1      | Gained mutation: You have a somewhat thin skeletal
                  | structure. (Dex +2, Stealth+) [Xom's grace]
  2472 | D:1      | Gained mutation: Your mind is acute. (Int +4, Str/Dex -1)
                  | [Xom's grace]
  2472 | D:1      | Gained mutation: You are resistant to electric shocks.
                  | (rElec) [Xom's grace]
  2604 | D:1      | Identified the amulet of Apuon {Acrobat rElec} (Xom gifted
                  | it to you on level 1 of the Dungeon)
  2604 | D:1      | XOM: god gift: amulet of Apuon {Acrobat rElec}
  2651 | D:2      | Reached XP level 3. HP: 30/33 MP: 0/0
  2651 | D:2      | Learned a level 1 spell: Necrotise
  2683 | D:2      | XOM: butterfly on damage
  2733 | D:1      | XOM: give mutations
  2733 | D:1      | Gained mutation: You are agile. (Dex +4, Str/Int -1) [Xom's
                  | grace]
  2733 | D:1      | Gained mutation: You have a pair of antennae on your head.
                  | [Xom's grace]
  3075 | D:2      | Reached skill level 1 in Spellcasting
  3075 | D:2      | Reached skill level 1 in Conjurations
  3075 | D:2      | Reached skill level 1 in Hexes
  3075 | D:2      | Reached skill level 1 in Summonings
  3075 | D:2      | Reached skill level 1 in Necromancy
  3075 | D:2      | Reached skill level 1 in Translocations
  3075 | D:2      | Reached skill level 1 in Transmutations
  3075 | D:2      | Reached skill level 1 in Fire Magic
  3075 | D:2      | Reached skill level 1 in Ice Magic
  3075 | D:2      | Reached skill level 1 in Air Magic
  3075 | D:2      | Reached skill level 1 in Earth Magic
  3075 | D:2      | Reached skill level 1 in Poison Magic
  3172 | D:2      | Reached XP level 4. HP: 37/38 MP: 0/0
  3228 | D:2      | XOM: scenery: create altars
  3486 | D:2      | Identified the +1 flail "Galay" {drain, Will+ Str+3 Int+2}
  3864 | D:3      | Identified the ring of the Queen {rPois rC+ Dex-4 Slay+5}
  3910 | D:3      | Found Janadwat's Assorted Antiques.
  3921 | D:3      | Bought a scroll labelled HOIRHU CEUSK for 28 gold pieces
  3921 | D:3      | Bought a scroll labelled HOIRHU CEUSK for 28 gold pieces
  3921 | D:3      | Bought a scroll labelled UCOCIOCLEM for 28 gold pieces
  3921 | D:3      | Bought a scroll labelled XAOLEPH EGIQOT for 28 gold pieces
  4074 | D:4      | Found a staircase to the Ecumenical Temple.
  4117 | D:4      | Reached XP level 5. HP: 32/44 MP: 0/0
  4117 | D:4      | Learned a level 2 spell: Static Discharge
  4146 | D:4      | Noticed a black bear
  4153 | D:4      | XOM: god gift: 18 gold pieces
  4162 | D:4      | XOM: fog
  4214 | D:4      | XOM: destruction
  4251 | D:4      | Killed a black bear
  4252 | D:4      | Reached XP level 6. HP: 22/51 MP: 0/0
  4708 | D:4      | XOM: scenery: create altars
  5042 | D:5      | Entered Level 5 of the Dungeon
  5082 | D:5      | XOM: give mutations
  5082 | D:5      | Gained mutation: Your mind is very acute. (Int +8, Str/Dex
                  | -2) [Xom's grace]
  5082 | D:5      | Gained mutation: You have a pair of large antennae on your
                  | head. (SInv) [Xom's grace]
  5082 | D:5      | Gained mutation: You are very robust. (+20% HP) [Xom's
                  | grace]
  5082 | D:5      | Gained mutation: You expend health (3 HP) to strengthen
                  | your wands. [Xom's grace]
  5242 | D:5      | Noticed Pikel
  5279 | D:5      | Killed Pikel
  5280 | D:5      | Reached XP level 7. HP: 15/63 MP: 0/0
  5280 | D:5      | Learned a level 3 spell: Teleport Other
  5280 | D:5      | XOM: fog
  5282 | D:5      | Reached XP level 8. HP: 19/69 MP: 0/0
  5283 | D:5      | HP: 1/69 [acid (8)]
  5284 | D:5      | Splashed by a jelly's acid

Illustrated notes

Levels and vault maps discovered:
D:1:      wheals_arrival_shading, layout_rooms
D:2:      layout_basic, serial_bayou_lagoon_b
D:3:      layout_rooms, serial_shops, nicolae_diamond_shop
D:4:      layout_basic, minmay_temple_entry_junction
D:5:      layout_gridville, nicolae_overflow_hidden_temple,
          mainiacjoe_overflow_boulevard, hex_large, uniq_pikel, uniq_ijyb

Skill      XL: |  1  2  3  4  5  6 |
---------------+-------------------+-----
Long Blades    | 3 4 |  4.1
Spellcasting   | 1 2 |  2.9
Conjurations   | 1 2 |  2.9
Hexes          | 1 2 |  2.9
Summonings     | 1 2 |  2.9
Necromancy     | 1 2 |  2.9
Translocations | 1 2 |  2.9
Transmutations | 1 2 |  2.9
Fire Magic     | 1 2 |  2.9
Ice Magic      | 1 2 |  2.9
Air Magic      | 1 2 |  2.9
Earth Magic    | 1 2 |  2.9
Poison Magic   | 1 2 |  2.9
Armour         | 2 3 |  3.4
Dodging        | 3 4 |  4.3
Fighting       | 4 |  4.5

Action                     |  1- 3 |  4- 6 |  7- 9 || total
---------------------------+-------+-------+-------++-------
  Melee: Falchion          |   121 |   126 |     4 ||   251
         Punch             |     3 |       |       ||     3
    Use: Scroll            |       |     3 |       ||     3
         Potion            |       |     1 |     1 ||     2
   Stab: Sleeping          |       |     7 |       ||     7
 Armour: Leather armour    |    92 |    80 |     3 ||   175
  Dodge: Dodged            |   125 |    97 |     1 ||   223

Table legend: (Time is in decaauts)
 A = Elapsed time spent in this place.
 B = Non-inter-level travel time spent in this place.
 C = Inter-level travel time spent in this place.
 D = Time resting spent in this place.
 E = Time spent auto-exploring this place.
 F = Levels seen in this place.
 G = Mean time per level.
                   A        B        C        D        E       F      G
               +--------+--------+--------+--------+--------+-----+--------+
         Total |   5324 |   5260 |     64 |   2247 |   2327 |   5 | 1064.8 |
       Dungeon |   5324 |   5260 |     64 |   2247 |   2327 |   5 | 1064.8 |
               +--------+--------+--------+--------+--------+-----+--------+

Top non-repeatable levels by time:
     D:1: 2641 daAuts
     D:2: 1011 daAuts
     D:4: 912 daAuts
     D:3: 511 daAuts
     D:5: 247 daAuts
